 Dungeon Crawl Stone Soup version 0.24-a0-504-gcfb02b9d07 (webtiles) character file.

Game seed: 14699672419036466368

53 KristoblXynda the Ruffian (level 3, -3/35 HPs)
             Began as a Troll Skald on July 16, 2019.
             Slain by a gnoll
             ... wielding a +0 halberd
              (16 damage)
             ... on level 2 of the Dungeon.
             The game lasted 00:02:05 (1273 turns).

KristoblXynda the Ruffian (Troll Skald)             Turns: 1273, Time: 00:02:06

Health: -3/35      AC:  6    Str: 22    XL:     3   Next: 62%
Magic:  3/3        EV: 10    Int: 10    God:
Gold:   111        SH:  0    Dex:  9    Spells: 3/4 levels left

rFire    . . .     SeeInvis .     - Unarmed
rCold    . . .     Gourm    +   (no shield)
rNeg     . . .     Faith    .   a - +0 robe
rPois    .         Spirit   .   (helmet restricted)
rElec    .         Reflect  .   (no cloak)
rCorr    .         Harm     .   (gloves unavailable)
MR       .....                  (boots unavailable)
Stlth    +.........             (no amulet)
HPRegen  0.51/turn              h - +3 ring of strength
MPRegen  0.08/turn              (no ring)

@: no status effects
A: large, unfitting armour, claws 3, fast metabolism 3, gourmand, regeneration
1, shaggy fur 1, tough skin 3
a: no special abilities


You were on level 2 of the Dungeon.
You were completely stuffed.

You visited 1 branch of the dungeon, and saw 2 of its levels.

You collected 111 gold pieces.

Inventory:

Armour
 a - a +0 robe (worn)
Jewellery
 h - a +3 ring of strength (left claw)
Scrolls
 b - a scroll of teleportation {unknown}
 e - a scroll of enchant weapon {unknown}
 f - 4 scrolls of identify {unknown}
 g - a scroll of enchant armour {unknown}
 i - a scroll of fog {unknown}
Potions
 d - a potion of curing {unknown}
 j - a potion of haste {unknown}
Comestibles
 c - 4 rations


   Skills:
 - Level 2.0 Fighting
 - Level 2.0 Dodging
 * Level 3.0 Unarmed Combat
 - Level 1.2 Spellcasting
 + Level 2.3 Charms


You had 3 spell levels left.
You knew the following spells:

 Your Spells              Type           Power        Failure   Level  Hunger
a - Infusion              Chrm           #...         13%         1    ##.....

Your spell library contained the following spells:

 Spells                   Type           Power        Failure   Level  Hunger
 Song of Slaying          Chrm           #.......     21%         2    ###....
 Shroud of Golubria       Chrm/Tloc      #.....       32%         2    ###....
 Regeneration             Chrm/Necr      #.........   54%         3    ####...
 Spectral Weapon          Hex/Chrm       #.......     54%         3    ####...


Dungeon Overview and Level Annotations

Branches:
Dungeon (2/15)

Altars:


Innate Abilities, Weirdness & Mutations

You are too large for most types of armour.
You have claws for hands.
Your metabolism is lightning-fast.
You like to eat raw meat.
Your natural rate of healing is unusually fast.
You are covered in fur. (AC +1)
You have extremely tough skin. (AC +3)


Message History

Put on which piece of jewellery? (? for menu, Esc to quit)
You feel stronger.
h - a +3 ring of strength (left claw)
The gnoll shouts!
You start waiting.
The gnoll is too close now for your liking.
You barely miss the gnoll. You barely miss the gnoll.
The gnoll barely misses you.
You scratch the gnoll.
The gnoll is moderately wounded.
The gnoll hits you with a +0 halberd!
You closely miss the gnoll.
The gnoll is moderately wounded.
The gnoll hits you with a +0 halberd!
You barely miss the gnoll.
The gnoll is moderately wounded.
You barely miss the gnoll.
The gnoll is moderately wounded.
The gnoll hits you with a +0 halberd!
You die...

## #.##.##.#
.###########.......#
..#.......#####g.###
.......(..# ###g#
..#.......# ##.#.####
..........###.#.....#
###.......##.###.##.#
..........#.## ##g#.#
###.......##.###@##.#
#.#########.#.###.#
#.# #.......# #.#
##.###### ##.########
#.# #.>.......###.#
#.####........# #.
#....##### #.
..<...##


You could see a gnoll.

Vanquished Creatures
  An adder (D:2)
  An ooze (D:1)
  A worm (D:2)
  2 dart slugs (D:1)
  2 ball pythons (D:1)
  2 giant cockroaches (D:1)
  5 goblins (D:1)
  2 hobgoblins (D:1)
  3 jackals (D:1)
  5 kobolds (D:1)
  4 bats (D:1)
  A frilled lizard (D:1)
  3 rats
32 creatures vanquished.

Notes
Turn   | Place    | Note
-------+----------+-------------------------------------------
     0 | D:1      | KristoblXynda the Troll Skald began the quest for the Orb.
     0 | D:1      | Reached XP level 1. HP: 19/19 MP: 1/1
    81 | D:1      | Reached XP level 2. HP: 19/28 MP: 2/2
   551 | D:1      | Reached XP level 3. HP: 34/35 MP: 3/3
  1085 | D:2      | Reached skill level 3 in Unarmed Combat
  1273 | D:2      | Slain by a gnoll

Levels and vault maps discovered:
D:1:      tarquinn_simple_flora_water_e, layout_basic
D:2:      layout_loops_cross, uniq_crazy_yiuf_cottage

Skill      XL: |  1  2  3 |
---------------+----------+-----
Dodging        | 2 |  2.0
Fighting       | 2 |  2.0
Unarmed Combat | 3 |  3.0
Spellcasting   | |  1.2
Charms         | |  2.3

Action                   || total
-------------------------++-------
Melee: Unarmed           ||    91
  Eat: Chunk             ||    17
Armor: Robe              ||    38
Dodge: Dodged            ||    38

Table legend:
 A = Non-vault XP
 B = Vault XP
 C = Vault XP percentage of total XP
 D = Non-vault monster count
 E = Vault monster count
 F = Vault count percentage of total count
                 A         B        C        D         E       F
            +---------+---------+-------+---------+---------+-------
      Total |      76 |       0 |   0.0 |      32 |       0 |   0.0
            +---------+---------+-------+---------+---------+-------
        D:1 |      57 |       0 |   0.0 |      29 |       0 |   0.0
        D:2 |      19 |       0 |   0.0 |       3 |       0 |   0.0
            +---------+---------+-------+---------+---------+-------
